 Dungeon Crawl Stone Soup version 0.19.0-24-gb05acd6 (webtiles) character file.

209 RaHiT the Stinger (level 5, -1/31 HPs)
             Began as an Octopode Venom Mage on Nov 20, 2016.
             Slain by an orc
             ... wielding a +0 hand axe
              (7 damage)
             ... on level 4 of the Dungeon.
             The game lasted 00:25:20 (2712 turns).

RaHiT the Stinger (Octopode Venom Mage)             Turns: 2712, Time: 00:25:21

Health: -1/31      AC:  2    Str:  8    XL:     5   Next: 87%
Magic:  5/9        EV: 13    Int: 18    God:
Gold:   151        SH:  0    Dex: 12    Spells: 3 memorised, 2 levels left

rFire  . . .     SeeInvis .     (no weapon)
rCold  . . .     Gourm    .     (no shield)
rNeg   + . .     Faith    .     (helmet restricted)
rPois  .         Spirit   .     (no amulet)
rElec  .         Reflect  .     j - ring of positive energy
rCorr  .         Harm     .     (no ring)
MR     .....                    (no ring)
Stlth  +++.......               (no ring)
                                (no ring)
                                (no ring)
                                (no ring)
                                (no ring)

@: no status effects
A: almost no armour, stealthy swim, amphibious, 8 rings, constrict 8, rugged
brown scales 1, camouflage 1, gelatinous body 1
a: no special abilities


You were on level 4 of the Dungeon.
You were not hungry.

You visited 1 branch of the dungeon, and saw 4 of its levels.

You collected 151 gold pieces.

Inventory:

Jewellery
 j - a ring of positive energy (left tentacle)
Scrolls
 c - a scroll of teleportation
 d - a scroll of noise
Potions
 i - a potion of haste {unknown}
 o - a potion of lignification {unknown}
Books
 a - a Young Poisoner's Handbook

   Spells                             Type                      Level
   a - Sting                          Conjuration/Poison           1
   b - Mephitic Cloud                 Conjuration/Poison/Air       3
   c - Olgreb's Toxic Radiance        Poison                       4
   d - Alistair's Intoxication        Transmutation/Poison         5
   e - Venom Bolt                     Conjuration/Poison           5
Comestibles
 b - 3 bread rations
 f - 2 chunks of flesh
 h - a beef jerky
 m - a meat ration
 n - 3 fruits


   Skills:
 - Level 2.0 Dodging
 - Level 3.0 Stealth
 - Level 3.1 Spellcasting
 * Level 3.4 Conjurations
 - Level 6.0 Poison Magic


You had 2 spell levels left.
You knew the following spells:

 Your Spells              Type           Power        Failure   Level  Hunger
a - Sting                 Conj/Pois      ###.         1%          1    None
b - Mephitic Cloud        Conj/Pois/Air  ##......     17%         3    ###....
c - Olgreb's Toxic Radia  Pois           ###.....     17%         4    ####...


Dungeon Overview and Level Annotations

Branches:
Dungeon (4/15)
 Temple: D:4-7

Altars:
Elyvilon


Innate Abilities, Weirdness & Mutations

You cannot wear most types of armour.
You are very stealthy in the water. (Stealth+)
You are amphibious.
You can wear up to eight rings at the same time.
You can use your tentacles to constrict eight enemies at once.
Your skin changes colour to match your surroundings (Stealth+).
Your rubbery body absorbs attacks. (AC +1, EV +1)
You are partially covered in rugged brown scales. (AC +1, +3% HP)


Message History

You closely miss the orc. You grab the orc. You constrict the orc.
The orc hits you with a mace!
You release your grip on the orc.
You hear the slow rusting of a distant drain.
The orc hits you with a flail of crushing.
The orc barely misses you.
Casting: Sting
Confirm with . or Enter, or press ? or * to list all spells.
Aiming: Sting
Press: ? - help, Shift-Dir - straight line, f/p - orc
Aim: an orc, wielding a mace and wearing a leather armour (lightly wounded)
The sting hits the orc.
The orc is moderately wounded.
The orc hits you with a mace.
* * * LOW HITPOINT WARNING * * *
The orc hits you with a hand axe.
* * * LOW HITPOINT WARNING * * *
There is a stone staircase leading up here.
The orc hits you with a hand axe!
You die...

..##.......##......#
#+
#.......##.....######
#.......###'#####....
#....................
#....................
#........)...........
#...##..###....##...
#...#######....## .
#..........oo@..#
#...........o)..#
#...............#
###########'#######
...............
........?.$....
...............
...............
.......o....o..


You could see 3 orcs.

Vanquished Creatures
  An ogre (D:4)
  6 adders
  3 worms
  3 dart slugs
  3 leopard geckos (D:2)
  4 orcs
  4 bats
  3 giant cockroaches
  3 goblins
  8 hobgoblins
  A quokka (D:2)
  2 ball pythons (D:3)
  4 frilled lizards
  5 kobolds
  7 rats
57 creatures vanquished.

Notes
Turn   | Place    | Note
-------+----------+-------------------------------------------
     0 | D:1      | RaHiT the Octopode Venom Mage began the quest for the Orb.
     0 | D:1      | Reached XP level 1. HP: 11/11 MP: 3/3
    41 | D:1      | Reached skill level 5 in Poison Magic
   116 | D:1      | Reached XP level 2. HP: 17/17 MP: 1/5
   634 | D:2      | Reached XP level 3. HP: 14/21 MP: 0/7
   647 | D:2      | Learned a level 3 spell: Mephitic Cloud
   885 | D:2      | Gained mutation: You are partially covered in rugged brown scales. (AC +1, +3% HP) [potion of beneficial mutation]
   986 | D:2      | Reached XP level 4. HP: 27/27 MP: 1/8
   998 | D:2      | Learned a level 4 spell: Olgreb's Toxic Radiance
  1302 | D:2      | Reached skill level 6 in Poison Magic
  1519 | D:3      | Found a white marble altar of Elyvilon.
  1693 | D:3      | Reached skill level 1 in Conjurations
  1709 | D:3      | Found a faded altar of an unknown god.
  2255 | D:3      | Reached XP level 5. HP: 26/31 MP: 6/9
  2537 | D:4      | Noticed a centaur
  2572 | D:4      | Noticed an ogre
  2602 | D:4      | Killed an ogre
  2712 | D:4      | Slain by an orc

Skill      XL: |  1  2  3  4  5 |
---------------+----------------+-----
Poison Magic   | 5 6 |  6.0
Spellcasting   | 3 |  3.1
Conjurations   | 1 3 |  3.4
Stealth        | 3 |  3.0
Dodging        | |  2.0

Action                   |  1- 3 |  4- 6 || total
-------------------------+-------+-------++-------
Melee: Unarmed           |    10 |    34 ||    44
       Constrict         |     2 |    16 ||    18
       Tentacles         |     2 |     8 ||    10
 Cast: Sting             |    47 |    71 ||   118
       Mephitic Cloud    |       |     2 ||     2
       Olgreb's Toxic Ra |       |     1 ||     1
  Use: Potion            |     3 |       ||     3
       Scroll            |       |     5 ||     5
 Stab: Sleeping          |     1 |     1 ||     2
  Eat: Chunk             |       |     6 ||     6
Armor: Skin              |     1 |     2 ||     3
Dodge: Dodged            |    18 |    23 ||    41
